 Dungeon Crawl Stone Soup version 0.20.0-1-g1cb1d84 (webtiles) character file.

1568 Fenrisulfr the Basher (level 8, -1/70 HPs)
             Began as a Purple Draconian Monk on May 26, 2017.
             Was a Believer of Okawaru.
             Slain by a killer bee (3 damage)
             ... on level 7 of the Dungeon.
             The game lasted 00:18:04 (5321 turns).

Fenrisulfr the Basher (Purple Draconian Monk)       Turns: 5321, Time: 00:18:06

Health: -1/70      AC:  6    Str: 16    XL:     8   Next: 59%
Magic:  8/8        EV: 15    Int: 12    God:    Okawaru [**....]
Gold:   324        SH:  0    Dex: 14    Spells: 7/7 levels left

rFire    . . .     SeeInvis .   g - +6 dire flail (holy)
rCold    . . .     Gourm    .   (shield currently unavailable)
rNeg     . . .     Faith    +   (armour unavailable)
rPois    .         Spirit   .   (helmet restricted)
rElec    .         Reflect  .   (no cloak)
rCorr    .         Harm     .   (no gloves)
MR       +....                  (no boots)
Stlth    ++........             A - amulet of faith
Regen    0.3/turn               (no ring)
MPRegen  0.2/turn               (no ring)

@: lethally poisoned (-1 -> -19), about to teleport
A: breathe power, unfitting armour, stinger 1, clever 1, cold-blooded, AC +6
a: Breathe Dispelling Energy, Heroism, Renounce Religion


You were on level 7 of the Dungeon.
You worshipped Okawaru.
Okawaru was pleased with you.
You were not hungry.

You visited 1 branch of the dungeon, and saw 6 of its levels.

You collected 324 gold pieces.

Inventory:

Hand Weapons
 g - a +6 dire flail of holy wrath (weapon)
Jewellery
 j - an uncursed ring of protection from cold
 r - an uncursed ring of flight
 v - an uncursed ring of fire
 x - an uncursed ring of ice
 A - an amulet of faith (around neck)
Scrolls
 c - a scroll of random uselessness {unknown}
 d - a scroll of amnesia
 e - a scroll of magic mapping {unknown}
 h - a scroll of fog {unknown}
 k - a scroll of recharging
 s - 2 scrolls of blinking {unknown}
 t - a scroll of enchant armour {unknown}
 u - a scroll of remove curse
 z - a scroll of enchant weapon {unknown}
Potions
 a - a potion of brilliance {unknown}
 f - a potion of haste {unknown}
 n - 3 potions of mutation
 o - a potion of invisibility {unknown}
 p - a potion of agility
 q - a potion of flight {unknown}
 w - a potion of curing {unknown}
Books
 y - a book of Misfortune

   Spells                             Type                      Level
   a - Confusing Touch                Hexes                        1
   b - Confuse                        Hexes                        3
   c - Gell's Gravitas                Translocation                3
   d - Petrify                        Transmutation/Earth          4
   e - Metabolic Englaciation         Hexes/Ice                    5
   f - Yara's Violent Unravelling     Hexes/Transmutation          5
Comestibles
 b - 5 bread rations
 i - 3 chunks of flesh
 m - a meat ration


   Skills:
 + Level 6.1 Fighting
 + Level 8.5 Maces & Flails
 + Level 5.0 Dodging
 + Level 3.5 Stealth


You had 7 spell levels left.
You didn't know any spells.

Dungeon Overview and Level Annotations

Branches:
Dungeon (7/15)             Temple (0/1) D:6

Altars:
Okawaru
Sif Muna

Annotations:
D:3 araganzar's ghost, amateur DEAM


Innate Abilities, Weirdness & Mutations

You can breathe bolts of dispelling energy.
Your rich purple scales are hard. (AC +6)
You cannot fit into any form of body armour.
You are cold-blooded and may be slowed by cold attacks.
Your tail ends in a poisonous barb.
Your mind is acute. (Int +2)


Message History

You feel sick.
The killer bee stings you but does no damage.
It was a potion of mutation.
You feel extremely strange.
You feel jittery.
You no longer feel jittery.
You feel clever.
A poisonous barb forms on the end of your tail.
You feel sick. The killer bee stings you.
* * * LOW HITPOINT WARNING * * *
The killer bee misses you.
As you read the scroll of teleportation, it crumbles to dust.
You feel strangely unstable.
* * * LOW HITPOINT WARNING * * *
You feel sick. The killer bee stings you!
* * * LOW HITPOINT WARNING * * *
The killer bee stings you.
* * * LOW HITPOINT WARNING * * *
You are more poisoned.
The killer bee poisons you!
* * * LOW HITPOINT WARNING * * *
You feel sick. The killer bee stings you.
You die...

#......#
#.##.#.###
#.#...##.
#..<..##.
###...##y ...
#.##......#.....
#.......#)#....
####.##.#.#...
#. #@#.#.## #.
#y#..#.##.#
#.##y#.#....#
#......y...##
####.###.##(#
#.# #(# #.# #..
..# .y# ### ###
... ###


You could see 2 killer bees.

Vanquished Creatures
  Sigmund (D:5)
  Edmund (D:5)
  A sky beast (D:6)
  A hornet zombie (D:6)
  3 bullfrogs
  3 scorpions (D:6)
  3 killer bees (D:7)
  A crimson imp (D:5)
  A howler monkey (D:5)
  3 hounds
  2 orc priests (D:6)
  A bullfrog skeleton (D:5)
  3 orc wizards (D:6)
  3 worker ants
  A killer bee zombie (D:5)
  A worker ant zombie (D:5)
  3 gnolls (D:5)
  6 adders
  3 shadow imps
  An ooze (D:1)
  2 worms
  A leopard gecko (D:2)
  8 orcs
  5 ball pythons
  5 bats
  3 giant cockroaches (D:2)
  9 goblins
  6 hobgoblins
  4 jackals
  5 kobolds
  2 quokkas (D:5)
  3 frilled lizards
  A quokka zombie (D:5)
  2 rats
98 creatures vanquished.

Notes
Turn   | Place    | Note
-------+----------+-------------------------------------------
     0 | D:1      | Fenrisulfr the Draconian Monk began the quest for the Orb.
     0 | D:1      | Reached XP level 1. HP: 19/19 MP: 1/1
   446 | D:1      | Reached XP level 2. HP: 17/26 MP: 2/2
  1116 | D:2      | Reached XP level 3. HP: 30/31 MP: 3/3
  1828 | D:3      | Reached XP level 4. HP: 40/40 MP: 4/4
  1990 | D:3      | Reached skill level 4 in Maces & Flails
  2057 | D:3      | Noticed araganzar's ghost (amateur DEAM)
  2276 | D:3      | You fall through a shaft for 2 floors!
  2276 | D:5      | Entered Level 5 of the Dungeon
  2322 | D:5      | Reached XP level 5. HP: 20/46 MP: 5/5
  3158 | D:5      | Reached skill level 5 in Maces & Flails
  3402 | D:5      | Noticed Edmund
  3421 | D:5      | Killed Edmund
  3421 | D:5      | Reached XP level 6. HP: 27/53 MP: 6/6
  3533 | D:5      | Noticed Sigmund
  3578 | D:5      | Killed Sigmund
  3578 | D:5      | Reached skill level 6 in Maces & Flails
  3578 | D:5      | Your scales start taking on a rich purple colour.
  3578 | D:5      | Reached XP level 7. HP: 44/60 MP: 7/7
  3694 | D:5      | Reached skill level 5 in Fighting
  3935 | D:6      | Found an iron altar of Okawaru.
  3935 | D:6      | Found a deep blue altar of Sif Muna.
  3950 | D:6      | Became a worshipper of Warmaster Okawaru
  3950 | D:6      | Reached * piety under Okawaru
  3950 | D:6      | Reached ** piety under Okawaru
  4410 | D:6      | Reached skill level 7 in Maces & Flails
  4760 | D:6      | Reached XP level 8. HP: 69/69 MP: 8/8
  5049 | D:6      | Reached skill level 8 in Maces & Flails
  5087 | D:6      | Found a staircase to the Ecumenical Temple.
  5209 | D:7      | Reached skill level 5 in Dodging
  5319 | D:7      | Gained mutation: You can translocate small distances at will. [potion of mutation]
  5319 | D:7      | Lost mutation: You can translocate small distances at will. [potion of mutation]
  5319 | D:7      | Gained mutation: Your mind is acute. (Int +2) [potion of mutation]
  5319 | D:7      | Gained mutation: Your tail ends in a poisonous barb. [potion of mutation]
  5320 | D:7      | HP: 3/70 [killer bee (2)]
  5321 | D:7      | Slain by a killer bee

Skill      XL: |  1  2  3  4  5  6  7  8 |
---------------+-------------------------+-----
Dodging        | 3 4 5 |  5.0
Stealth        | 2 3 |  3.5
Maces & Flails | 4 5 6 7 8 |  8.5
Fighting       | 4 5 6 |  6.1

Action                   |  1- 3 |  4- 6 |  7- 9 || total
-------------------------+-------+-------+-------++-------
Melee: Mace              |   102 |   130 |       ||   232
       Tailslap          |     6 |    16 |     9 ||    31
       Dire flail        |       |     3 |   107 ||   110
  Use: Potion            |     1 |     5 |     4 ||    10
       Scroll            |       |     7 |     5 ||    12
 Stab: Distracted        |     1 |       |       ||     1
       Sleeping          |     2 |     4 |     2 ||     8
  Eat: Chunk             |     3 |     5 |     6 ||    14
Armor: Skin              |    27 |    20 |    28 ||    75
Dodge: Dodged            |    77 |    82 |    85 ||   244
